Map: Pylon LE

Players

SubN - Winner!

  • Race: Zerg Zerg
  • League: Diamond
  • Spawn Location: 5:00

SleepyBear

  • Race: Protoss Protoss
  • League: Diamond
  • Spawn Location: 11:00

VOD

Have the link to the VOD?

Description

Time

  • Played on: July 22, 2025, 1:40 p.m.
  • Length: 7:13
Show
View Real Time Build Order
Export as new Build Order

SubN Zerg - Winner!

Build Orders: Pool First 

Get SALT Encoding   

  12  0:00  Drone  
  13  0:12  Overlord  
  13  0:17  Drone  
  14  0:30  Drone x2  
  16  0:41  Spawning Pool  
  15  0:44  Drone  
  15  0:48  Drone  
  17  0:53  Extractor  
  16  0:58  Drone  
  17  1:14  Hatchery  
  16  1:24  Drone x2  
  18  1:36  Queen  
  21  1:40  Zergling x2  
  21  1:44  Zergling x2  
  22  1:55  Overlord  
  22  2:19  Queen  
  22  2:21  Drone x2  
  26  2:41  Drone x4  
  30  2:48  Queen  
  32  2:58  Drone x4  
  36  3:05  Roach Warren  
  35  3:14  Lair  
  35  3:15  Extractor  
  35  3:16  Metabolic Boost  
  35  3:18  Drone x2  
  35  3:34  Overlord  
  35  3:38  Overlord  
  35  3:51  Queen  
  35  3:53  Zergling x4  
  39  4:04  Drone x10  
  39  4:05  Drone  
  39  4:09  Extractor  
  49  4:11  Drone  
  50  4:18  Spire  
  49  4:25  Glial Reconstitution  
  49  4:33  Overlord x2  
  49  4:34  Overlord  
  49  4:52  Queen  
  49  4:53  Hatchery  
  50  5:01  Drone x2  
  50  5:02  Drone  
  50  5:04  Drone  
  50  5:05  Drone  
  50  5:06  Extractor  
  54  5:08  Overlord x2  
  54  5:20  Overlord x2  
  54  5:28  Overlord  
  54  5:40  Roach x6  
  54  5:41  Roach x2  
  70  5:54  Drone x2  
  72  5:58  Overseer  
  72  5:59  Overseer  
  72  6:02  Roach  
  72  6:03  Roach x4  
  82  6:06  Ravager x3  
  82  6:07  Ravager  
  86  6:20  Queen  
  86  6:22  Queen  
  86  6:25  Zergling x20  
  100  6:34  Roach  
  100  6:35  Roach  
Show
View Real Time Build Order
Export as new Build Order

SleepyBear Protoss 

Build Orders:  

Get SALT Encoding   

  12  0:00  Probe  
  13  0:12  Probe  
  14  0:23  Pylon  
  14  0:32  Probe  
  15  0:43  Gateway, Probe  
  15  0:49  Assimilator  
  16  0:52  Probe  
  17  1:03  Probe  
  18  1:15  Probe  
  19  1:26  Zealot  
  19  1:27  Probe  
  22  1:33  Gateway  
  22  1:36  Cybernetics Core  
  22  1:41  Pylon  
  22  1:47  Probe  
  23  1:57  Zealot  
  25  2:11  Nexus  
  25  2:15  Shield Battery  
  25  2:24  Adept  
  25  2:25  Assimilator  
  27  2:41  Probe  
  28  2:50  Stargate  
  28  2:53  Probe  
  28  2:58  Adept  
  31  3:10  Pylon  
  31  3:20  Probe x2  
  33  3:27  Pylon  
  33  3:28  Probe x2  
  33  3:31  Void Ray  
  35  3:37  Probe  
  40  3:58  Probe  
  40  3:59  Probe  
  42  4:11  Probe x2  
  42  4:12  Oracle  
  47  4:23  Probe  
  48  4:32  Pylon  
  48  4:35  Pylon  
  48  4:43  Nexus  
  48  4:44  Pylon  
  48  4:45  Pylon  
  48  4:50  Probe x2  
  50  5:00  Probe x2  
  50  5:03  Pylon  
  52  5:08  Probe x2  
  54  5:15  Twilight Council  
  54  5:18  Forge  
  54  5:19  Robotics Facility  
  54  5:23  Gateway x2  
  54  5:24  Probe  
  54  5:25  Probe  
  56  5:40  Pylon  
  56  5:53  Photon Cannon  
  56  5:57  Photon Cannon  
  56  6:00  Shield Battery  
  56  6:01  Probe x3  
  56  6:04  Pylon, Photon Cannon  
  59  6:07  Photon Cannon  
  59  6:08  Shield Battery, Photon Cannon  
  59  6:11  Shield Battery  
  59  6:13  Observer, Probe x2  
  62  6:22  Probe  
  62  6:25  Probe x2  
  65  6:34  Observer  
  66  6:44  Gateway  
  66  6:45  Gateway  
  64  6:47  Gateway  
  64  6:51  Gateway  
Tags
 
Matchup
PvZ
Opening
Pool First
Replay Pack
Multiplayer
Spawn Locations
Cross Positions
Add a new tag
Caveats
  • Supply blocks, unpowered buildings, or Contaminate may cause inaccurate times.
  • Supply counts are checked every 10 seconds.